 Dungeon Crawl Stone Soup version 0.29.1-1-gd02db6906a (webtiles) character file.

Game seed: 17380036260614360140

14 hawla the Gusty (level 2, -8/20 HPs)
             Began as a Meteoran Air Elementalist on Oct 16, 2022.
             Mangled by Sigmund
             ... wielding a +0 scythe
              (9 damage)
             ... on level 2 of the Dungeon.
             The game lasted 00:01:57 (578 turns).

hawla the Gusty (Meteoran Air Elementalist)          Turns: 578, Time: 00:01:58

Health: -8/20      AC:  2    Str:  9    XL:     2   Next: 82%
Magic:  7/7        EV: 12    Int: 16    God:
Gold:   44         SH:  0    Dex: 14    Spells: 4/7 levels left

rFire   . . .      SeeInvis .   h - +0 lajatang
rCold   . . .      Faith    .   (shield currently unavailable)
rNeg    . . .      Spirit   .   a - +0 robe
rPois   .          Reflect  .   (no helmet)
rElec   .          Harm     .   (no cloak)
rCorr   .          Rampage  .   (no gloves)
Will    .....                   (no boots)
Stlth   +.........              (no amulet)
HPRegen 0.06/turn               i - ring of flight
MPRegen 0.10/turn               (no ring)

@: mighty, weak-willed, flying, glowing
A: sense surroundings 1, otherworldly, glowing, explore regen
a: no special abilities


You were on level 2 of the Dungeon.
You visited 1 branch of the dungeon, and saw 2 of its levels.

You collected 44 gold pieces.

Inventory:

Hand Weapons
 h - a +0 lajatang (weapon)
Armour
 a - a +0 robe (worn)
Jewellery
 i - a ring of flight (left hand)
Potions
 b - a potion of magic


   Skills:
 + Level 2.5 Dodging
 - Level 1.4 Stealth
 + Level 3.0 Spellcasting
 + Level 1.3 Conjurations
 + Level 4.3 Air Magic


You had 4 spell levels left.
You knew the following spells:

 Your Spells              Type           Power      Damage    Failure   Level
a - Shock                 Conj/Air       44%        1d5       6%          1
b - Static Discharge      Conj/Air       11%        3-5/arc   9%          2

Your spell library contained the following spells:

 Spells                   Type           Power      Damage    Failure   Level
 Swiftness                Air            16%        N/A       10%         3
 Foxfire                  Conj/Fire      16%        2x1d4     14%         1
 Airstrike                Air            8%         2d(2-18)  32%         4
 Conjure Flame            Conj/Fire      4%         6-21      41%         3
 Inner Flame              Hex/Fire       2%         N/A       50%         3
 Flame Wave               Conj/Fire      4%         2d5       82%         4


Dungeon Overview and Level Annotations

Branches:
Dungeon (2/15) Zot: 621

Altars:

Annotations:
D:2 Sigmund


Innate Abilities, Weirdness & Mutations

You passively map a small area around you.
You are easily found by Zot.
You glow in the dark.
You regain HP and MP as you explore.


Message History

Sigmund the Dreaded comes into view.
He is wielding a +0 scythe and carrying a wand of light (14).
Sigmund shouts!
Casting: Static Discharge (safe; 9% risk of failure)
Confirm with . or Enter, or press ? or * to list all spells.
Aiming: Shock (safe; 6% risk of failure)
Press: ? - help, Shift-Dir - straight line, f - Sigmund
Aim: Sigmund, wielding a +0 scythe, wearing a +0 robe and carrying a wand of light (14) (64% to hit)
The zap hits Sigmund.
Sigmund is moderately wounded.
Casting: Shock (safe; 6% risk of failure)
Confirm with . or Enter, or press ? or * to list all spells.
Aiming: Shock (safe; 6% risk of failure)
Press: ? - help, Shift-Dir - straight line, f/p - Sigmund
Aim: Sigmund, wielding a +0 scythe, wearing a +0 robe and carrying a wand of light (14) (moderately wounded, 64% to hit)
The zap hits Sigmund.
Sigmund is moderately wounded.
Sigmund zaps a wand.
The bolt of light hits you!
Ouch! That really hurt!
* * * LOW HITPOINT WARNING * * *
As you read the scroll labelled BYFUMP OLUM, it crumbles to dust.
Magic quickly surges around you.
It was a scroll of vulnerability.
It was a potion of curing.
You feel better.
You feel very mighty all of a sudden.
Sigmund zaps a wand.
The bolt of light hits you!
You are confused.
* * * LOW HITPOINT WARNING * * *
Sigmund hits you from afar with a +0 scythe.
* * * LOW HITPOINT WARNING * * *
You bump into the rock wall.
You feel less confused.
Sigmund zaps a wand.
The bolt of light misses you.
You closely miss Sigmund.
Sigmund is moderately wounded.
Sigmund mumbles some strange words.
Sigmund flickers and vanishes!
Deactivating autopickup; reactivate with Ctrl-A.
You miss something. Something hits you.
* * * LOW HITPOINT WARNING * * *
You barely miss something. Something hits you!
You die...

#..# ...# * #.##
### #.######.# *
..# .........#
*#.# #.########
#.# ..# #.# ..#
#{# ..# #@# ..##
#.# ...# #.# ...#
#.# ...# #.#
...### #.# .....#
#.#
...#.###########.#
..............##.#


There were no monsters in sight!

Vanquished Creatures
  An adder (D:2)
  2 endoplasms (D:1)
  2 hobgoblins (D:1)
5 creatures vanquished.

Notes
Turn   | Place    | Note
-------+----------+-------------------------------------------
     0 | D:1      | hawla the Meteoran Air Elementalist began the quest for the
                  | Orb.
     0 | D:1      | Reached XP level 1. HP: 14/14 MP: 5/5
   406 | D:1      | Reached skill level 4 in Air Magic
   406 | D:1      | Reached XP level 2. HP: 20/20 MP: 0/6
   409 | D:1      | Learned a level 2 spell: Static Discharge
   567 | D:2      | Noticed Sigmund
   577 | D:2      | HP: 1/20 [something (4)]
   578 | D:2      | Mangled by Sigmund

Illustrated notes

Levels and vault maps discovered:
D:1:      mrwooster_arrival_statue_2, layout_rooms
D:2:      layout_basic, uniq_sigmund

Skill      XL: |  1  2 |
---------------+-------+-----
Air Magic      | 4 |  4.3
Spellcasting   | 3 |  3.0
Dodging        | |  2.5
Stealth        | |  1.4
Conjurations   | |  1.3

Action                   || total
-------------------------++-------
Melee: Lajatang          ||     3
 Cast: Shock             ||    15
       Static Discharge  ||     1
  Use: Scroll            ||     4
       Potion            ||     2
Dodge: Dodged            ||     1
